 Dungeon Crawl Stone Soup version 0.30-a0-900-g23479c02f2 (console) character file.

Game seed: 13100730649498555005

106 jejorda2 the Poker (level 4, -2/37 HPs)
             Began as a Merfolk Berserker on Mar 18, 2023.
             Was a Believer of Trog.
             Slain by Natasha (8 damage)
             ... on level 4 of the Dungeon.
             The game lasted 00:04:45 (2556 turns).

jejorda2 the Poker (Merfolk Berserker)              Turns: 2556, Time: 00:04:45

Health: -2/37      AC:  8    Str: 19    XL:     4   Next: 84%
Magic:  4/4        EV: 12    Int:  6    God:    Trog [**....]
Gold:   191        SH:  0    Dex: 13    Spells: 3/3 levels left

rFire   . . .      SeeInvis +    a - +0 spear
rCold   . . .      Faith    .    (no shield)
rNeg    . . .      Spirit   .    v - +0 leather armour
rPois   .          Reflect  .    (no helmet)
rElec   .          Rampage  .    w - +2 cloak
rCorr   .                        q - +0 pair of gloves
Will    +....                    f - +0 pair of boots
Stlth   +                        s - amulet of the acrobat
HPRegen 0.26/turn                j - ring of willpower
MPRegen 0.09/turn                u - ring of see invisible

@: no status effects
A: (nimble swimmer 2), mertail
a: Renounce Religion, Berserk, Trog's Hand


You were on level 4 of the Dungeon.
You worshipped Trog.
Trog was pleased with you.
You visited 1 branch of the dungeon, and saw 4 of its levels.

You collected 191 gold pieces.

Inventory:

Hand Weapons
 a - a +0 spear (weapon)
Missiles
 d - 34 stones (quivered)
Armour
 f - a +0 pair of boots (worn)
 g - a scarf of resistance
 q - a +0 pair of gloves (worn)
 v - a +0 leather armour (worn)
 w - a +2 cloak (worn)
Jewellery
 j - a ring of willpower (left hand)
 s - an amulet of the acrobat (around neck)
 u - a ring of see invisible (right hand)
Scrolls
 c - 4 scrolls of identify {unknown}
 k - 2 scrolls of fog {unknown}
 m - 2 scrolls of magic mapping {unknown}
 o - a scroll of noise {unknown}
 t - a scroll of enchant weapon {unknown}
Potions
 b - a potion of degeneration {unknown}
 e - a potion of flight {unknown}
 h - a potion of attraction {unknown}
 i - a potion of lignification {unknown}
 l - 3 potions of heal wounds {unknown}
 n - 3 potions of curing {unknown}
 p - a potion of cancellation {unknown}
 r - a potion of brilliance {unknown}


   Skills:
 + Level 4.0 Fighting
 * Level 5.8 Polearms
 + Level 2.1 Armour
 - Level 2.6 Dodging


You had 3 spell levels left.
You didn't know any spells.
Your spell library was empty.

Dungeon Overview and Level Annotations

Branches:
Dungeon (4/15)
 Temple: D:4-7

Altars:

Annotations:
D:3 2 transporters, jasper's ghost, weakling DsWn
D:4 Natasha


Innate Abilities, Weirdness & Mutations

((You are very nimble when in or above water. (Stealth+, EV+, Speed+++)))
Your lower body shifts to a powerful aquatic tail in water.


Message History

Natasha is lightly wounded.
You hit Natasha but do no damage.
Natasha is lightly wounded.
Natasha mumbles some strange words.
You feel troubled. Natasha barely misses you.
You barely miss Natasha.
Natasha is lightly wounded.
Natasha misses you. The shadow imp gestures at you.
You resist with some effort.
You hit Natasha.
Natasha is heavily wounded.
Natasha claws you. The shadow imp barely misses you.
You completely miss Natasha.
Natasha is heavily wounded.
Natasha claws you. The shadow imp misses you.
You hit Natasha.
Natasha is heavily wounded.
You miss Natasha.
Natasha is heavily wounded.
Natasha claws you but does no damage. The shadow imp barely misses you.
You closely miss Natasha.
Natasha is heavily wounded.
Natasha claws you but does no damage. The shadow imp gestures at you.
You resist with some effort.
You hit Natasha.
Natasha is heavily wounded.
Natasha claws you. The shadow imp closely misses you.
You closely miss Natasha.
Natasha is heavily wounded.
Natasha claws you! The shadow imp gestures at you.
Pain shoots through your body!
* * * LOW HITPOINT WARNING * * *
You hit Natasha.
Natasha is severely wounded.
Natasha claws you!
You die...

... .. ♣.....#
...##.##......#
..........$...#
.............+
#...........#
#...........#
+...........#
#....@5.....#
#....h......#
###'##.......
#....#.......
##...#######.
##.........#
#..........#
#..........#
#..........#


You could see Natasha and a shadow imp (summoned).

Vanquished Creatures
  2 adders
  5 worms
  2 dart slugs (D:1)
  4 ball pythons
  9 endoplasms
  2 giant cockroaches
  4 goblins
  11 hobgoblins
  4 quokkas
  6 bats
  A frilled lizard (D:2)
  8 kobolds
  4 rats
62 creatures vanquished.

Notes
Turn   | Place    | Note
-------+----------+-------------------------------------------
     0 | D:1      | jejorda2 the Merfolk Berserker began the quest for the Orb.
     0 | D:1      | Reached XP level 1. HP: 18/18 MP: 1/1
   253 | D:1      | Reached XP level 2. HP: 19/24 MP: 2/2
   420 | D:1      | Reached XP level 3. HP: 29/29 MP: 3/3
   427 | D:1      | Reached ** piety under Trog
   824 | D:2      | Reached skill level 5 in Polearms
  1138 | D:2      | Reached XP level 4. HP: 35/37 MP: 4/4
  1826 | D:3      | Found a transporter.
  1826 | D:3      | Noticed jasper's ghost (weakling DsWn)
  1828 | D:3      | Identified the +2 great mace "Kunkufuj" {drain, rC+ MP-9
                  | Str+3}
  1828 | D:3      | Noticed an ogre
  1829 | D:3      | Noticed an ogre
  1830 | D:3      | Found a transporter.
  1837 | D:3      | Noticed an ogre
  2540 | D:4      | Noticed Natasha
  2556 | D:4      | Slain by Natasha

Illustrated notes

Levels and vault maps discovered:
D:1:      onia_arrival_pentagram, layout_loops_cross, minmay_cupped
D:2:      layout_loops_cross
D:3:      layout_basic, gammafunk_ghost_smash
D:4:      layout_gridville, serial_bayou, serial_bayou_lake_a,
          serial_bayou_pond_b, serial_bayou_pond_a, serial_bayou_pond_d,
          serial_bayou_crossing, serial_shops, nicolae_stop_n_shop_1,
          uniq_natasha, uniq_pikel

Skill      XL: |  1  2  3  4 |
---------------+-------------+-----
Polearms       | 5 |  5.8
Armour         | 2 |  2.1
Fighting       | 4 |  4.0
Dodging        | |  2.6

Action                     |  1- 3 |  4- 6 || total
---------------------------+-------+-------++-------
  Melee: Spear             |   136 |   118 ||   254
 Invoke: Berserk           |     1 |     2 ||     3
   Stab: Sleeping          |     2 |     2 ||     4
 Armour: Animal skin       |    17 |     9 ||    26
         Leather armour    |       |     9 ||     9
  Dodge: Dodged            |    46 |    43 ||    89

Table legend: (Time is in decaauts)
 A = Elapsed time spent in this place.
 B = Non-inter-level travel time spent in this place.
 C = Inter-level travel time spent in this place.
 D = Time resting spent in this place.
 E = Time spent auto-exploring this place.
 F = Levels seen in this place.
 G = Mean time per level.
                   A        B        C        D        E       F      G
               +--------+--------+--------+--------+--------+-----+--------+
         Total |   2543 |   2475 |     68 |    128 |   1876 |   4 |  635.8 |
       Dungeon |   2543 |   2475 |     68 |    128 |   1876 |   4 |  635.8 |
               +--------+--------+--------+--------+--------+-----+--------+

Top non-repeatable levels by time:
     D:3: 877 daAuts
     D:2: 818 daAuts
     D:1: 809 daAuts
     D:4: 37 daAuts
